 Dungeon Crawl Stone Soup version bcrawl-1.27.1d (webtiles) character file.

Game seed: 4883785832068918063

202303 Freyura the Twirler (level 6, -1/48 HPs)
             Began as a Demonspawn Gladiator on July 22, 2020.
             Was an Initiate of Ashenzari.
             Killed by nerve-wracking pain
             ... invoked by an orc priest
              (14 damage)
             ... on level 4 of the Dungeon.
             The game lasted 00:06:53 (3039 turns).

Freyura the Twirler (Demonspawn Gladiator)          Turns: 3039, Time: 00:06:54

Health: -1/48      AC:  6    Str: 14    XL:     6   Next: 60%
Magic:  6/6        EV: 14    Int:  9    God:    Ashenzari [......]
Gold:   223        SH:  0    Dex: 17    Spells: 5/5 levels left

rFire    . . .     SeeInvis .   a - +0 quarterstaff (curse)
rCold    . . .     Gourm    .   (shield currently unavailable)
rNeg     . . .     Faith    .   b - +0 leather armour
rPois    .         Spirit   .   c - +0 helmet (curse)
rElec    .         Reflect  .   o - +0 cloak
rCorr    .         Harm     .   (no gloves)
MR       .....                  n - +0 pair of boots (curse)
Stlth    +.........             (no amulet)
HPRegen  0.16/turn              p - ring of wizardry
MPRegen  0.10/turn              (no ring)

@: no status effects
A: talons 1, demonic guardian 1
a: Curse Item, Renounce Religion


You were on level 4 of the Dungeon.
You worshipped Ashenzari.
Ashenzari was noncommittal.
You were hungry.

You visited 2 branches of the dungeon, and saw 5 of its levels.

You collected 223 gold pieces.

Inventory:

Hand Weapons
 a - a cursed +0 quarterstaff (weapon)
Missiles
 d - 3 throwing nets {=f}
Armour
 b - a +0 leather armour (worn)
 c - a cursed +0 helmet (worn)
 n - a cursed +0 pair of boots (worn)
 o - a +0 cloak (worn)
 r - a scarf of stasis
Jewellery
 p - a ring of wizardry (left hand)
Wands
 g - a wand of acid (6)
Scrolls
 h - 3 scrolls of enchant armour {unknown}
 i - a scroll of identify
 j - 4 scrolls of teleportation {unknown}
 k - a scroll of magic mapping {unknown}
 m - a scroll of remove curse {unknown}
 t - a scroll of amnesia {unknown}
 v - a scroll of fog {unknown}
 w - a scroll of enchant weapon {unknown}
Potions
 l - a potion of resistance
 q - a potion of invisibility
 s - a potion of mutation {unknown}
 u - a potion of haste
 x - 2 potions of curing {unknown}
Comestibles
 e - 7 rations {!d}


   Skills:
 + Level 3.9 Fighting
 + Level 4.1 Staves
 - Level 1.7 Throwing
 + Level 2.8 Armour
 + Level 4.1 Dodging


You had 5 spell levels left.
You didn't know any spells.
Your spell library was empty.

Dungeon Overview and Level Annotations

Branches:
Dungeon (4/12)             Temple (1/1) D:4

Altars:
Ashenzari
Dithmenos
Elyvilon
Fedhas
Gozag
Kikubaaqudgha
Lugonu
Nemelex Xobeh
Okawaru
Ru
Sif Muna
Trog
Uskayaw
Vehumet
Wu Jian
Xom
Yredelemnul
Zin


Innate Abilities, Weirdness & Mutations

You have sharp toenails.
A weak demonic guardian rushes to your aid.


Message History

Your quasit claws the orc but does no damage.
The orc throws a stone.
The stone closely misses you.
Your quasit barely misses the orc.
Your quasit claws the orc. x2
The orc barely misses your quasit.
You hit the orc.
You kill the orc!
The orc throws a stone.
The stone barely misses you.
The orc priest drinks a potion.
The orc priest seems to speed up.
The orc throws a stone.
The stone misses you.
An orc wizard comes into view. It is wielding a +0 dagger.
The orc wizard shouts!
The orc closely misses you.
Found a stone staircase leading down.
The orc hits you with a +0 hand axe.
* * * LOW HITPOINT WARNING * * *
An orc wizard comes into view. It is wielding a +0 dagger.
Your quasit disappears in a puff of smoke!
The orc priest mumbles some strange prayers to Beogh against you.
Pain shoots through your body!
You die...

... ..# ###. ... ...
.#..> ... ..
..#.##.##.###.
o##.............
..o..............
###...............
......o@..........
.##...o..5........
......ยง...........
..#............?..
....<.[...........
...................
.......................
..#..............^.....
..#....................


You could see an orc priest, 2 orc wizards, an orc and a friendly ufetubus.

Vanquished Creatures
  2 orc priests
  A centaur skeleton (D:4)
  3 worker ants
  8 adders
  A gnoll (D:2)
  2 oozes
  4 worms
  5 leopard geckos
  9 orcs
  3 bats (D:1)
  2 giant cockroaches
  5 goblins
  10 hobgoblins
  2 quokkas
  3 frilled lizards
  8 kobolds
  7 rats
75 creatures vanquished.

Vanquished Creatures (collateral kills)
  A water moccasin (D:4)
  An orc (D:4)
2 creatures vanquished.

Grand Total: 77 creatures vanquished

Notes
Turn   | Place    | Note
-------+----------+-------------------------------------------
     0 | D:1      | Freyura the Demonspawn Gladiator began the quest for the
                  | Orb.
     0 | D:1      | Reached XP level 1. HP: 16/16 MP: 1/1
    33 | D:1      | Gained mutation: You have sharp toenails. [demonic
                  | ancestry]
    33 | D:1      | Reached XP level 2. HP: 14/22 MP: 2/2
   566 | D:2      | Reached skill level 1 in Armour
   566 | D:2      | Reached XP level 3. HP: 23/28 MP: 3/3
   688 | D:2      | Found a sparkling altar of Nemelex Xobeh.
  1043 | D:2      | Found an ancient bone altar of Kikubaaqudgha.
  1474 | D:3      | Gained mutation: A weak demonic guardian rushes to your
                  | aid. [demonic ancestry]
  1474 | D:3      | Reached XP level 4. HP: 34/34 MP: 4/4
  1837 | D:3      | Reached XP level 5. HP: 14/41 MP: 5/5
  2694 | D:4      | Reached XP level 6. HP: 37/47 MP: 6/6
  2808 | D:4      | Found a staircase to the Ecumenical Temple.
  2818 | Temple   | Entered the Ecumenical Temple
  2857 | Temple   | Became a worshipper of Ashenzari the Shackled
  3018 | D:4      | Noticed a water moccasin
  3029 | D:4      | Killed a water moccasin
  3039 | D:4      | Killed from afar by an orc priest

Skill      XL: |  1  2  3  4  5  6 |
---------------+-------------------+-----
Staves         | 3 4 |  4.1
Dodging        | 3 4 |  4.1
Armour         | 1 2 |  2.8
Fighting       | 3 |  3.9
Throwing       | |  1.7

Action                   |  1- 3 |  4- 6 || total
-------------------------+-------+-------++-------
Melee: Quarterstaff      |   127 |   139 ||   266
       Kick              |     8 |       ||     8
Invok: Curse Item        |       |     3 ||     3
  Use: Scroll            |     3 |     1 ||     4
       Potion            |       |     2 ||     2
 Stab: Sleeping          |       |     1 ||     1
       Distracted        |       |     2 ||     2
  Eat: Chunk             |     5 |     8 ||    13
Armor: Leather armour    |    20 |    48 ||    68
Dodge: Dodged            |    78 |   117 ||   195
